 Dungeon Crawl Stone Soup version 0.26-a0-1126-g3318b609a0 (webtiles) character file.

Game seed: 7355632851231860850

109 vvl the Bolt Thrower (level 5, -1/35 HPs)
             Began as a Halfling Hunter on Dec 18, 2020.
             Slain by a hobgoblin (2 damage)
             ... on level 2 of the Dungeon.
             The game lasted 00:10:30 (1563 turns).

vvl the Bolt Thrower (Halfling Hunter)              Turns: 1563, Time: 00:10:31

Health: -1/35      AC:  3    Str: 13    XL:     5   Next: 13%
Magic:  5/5        EV: 15    Int:  9    God:
Gold:   74         SH:  0    Dex: 16    Spells: 4/4 levels left

rFire    . . .     SeeInvis .   j - +0 dagger
rCold    . . .     Faith    .   (shield restricted)
rNeg     . . .     Spirit   .   c - +0 leather armour
rPois    .         Reflect  .   (no helmet)
rElec    .         Harm     .   (no cloak)
rCorr    .         Rampage  .   (no gloves)
Will     .....                  (no boots)
Stlth    ++........             (no amulet)
HPRegen  0.11/turn              (no ring)
MPRegen  0.09/turn              (no ring)

@: no status effects
A: small, mutation resistance 1
a: no special abilities


You were on level 2 of the Dungeon.
You visited 1 branch of the dungeon, and saw 3 of its levels.

You collected 74 gold pieces.

Inventory:

Hand Weapons
 a - a +1 hand crossbow
 b - a +0 short sword
 e - a +0 whip
 j - a +0 dagger (weapon)
 k - a +0 hunting sling
 v - a +2 spear of venom
 w - a cursed -2 short sword
 x - a +3 quarterstaff of chaos
Missiles
 d - 11 bolts
 i - 66 sling bullets
Armour
 c - a +0 leather armour (worn)
 y - a +0 cloak
Jewellery
 o - an uncursed amulet of regeneration
 t - an uncursed ring of resist corrosion
Wands
 r - a wand of paralysis (13)
Scrolls
 f - 2 scrolls of remove curse {unknown}
 g - a scroll of fear {unknown}
 h - 2 scrolls of teleportation {unknown}
 m - 2 scrolls of amnesia {unknown}
 s - a scroll of random uselessness {unknown}
Potions
 l - a potion of degeneration {unknown}
 p - 3 potions of curing
 q - a potion of mutation {unknown}
 u - a potion of invisibility {unknown}


   Skills:
 + Level 2.6 Fighting
 + Level 1.2 Short Blades
 + Level 5.0 Crossbows
 * Level 1.6 Armour
 + Level 3.3 Dodging
 - Level 1.1 Stealth


You had 4 spell levels left.
You didn't know any spells.
Your spell library was empty.

Dungeon Overview and Level Annotations

Branches:
Dungeon (3/15)

Altars:


Innate Abilities, Weirdness & Mutations

You are small and have problems with some larger weapons.
You are somewhat resistant to further mutation.


Message History

The hobgoblin misses you.
You hit the hobgoblin but do no damage.
The hobgoblin is heavily wounded.
The hobgoblin hits you but does no damage.
You hit the hobgoblin but do no damage.
The hobgoblin is heavily wounded.
You closely miss the hobgoblin.
The hobgoblin is heavily wounded.
The hobgoblin barely misses you.
You closely miss the hobgoblin.
The hobgoblin is heavily wounded.
The hobgoblin hits you.
* * * LOW HITPOINT WARNING * * *
You hit the hobgoblin.
The hobgoblin is severely wounded.
The hobgoblin misses you.
You hit the hobgoblin.
The hobgoblin is severely wounded.
The hobgoblin hits you.
You die...

####..###..###### #
#...............########
#.......#...............
#.......#######.#.#####.
#.......# #<#...###.
#.......# #...)(....
###....#### ####......
#..)##.####### #......
##.####...@g..#######.>....
#..# #######..............
#.## #########...... #.#
##(#### #######.#####
#>#### .....##.....##
##gb... ......†......##
#...... ..............#
#...... .....†........#
#......


You could see a hobgoblin.

Vanquished Creatures
  Crazy Yiuf (D:2)
  A gnoll (D:1)
  An adder (D:2)
  2 worms (D:2)
  3 leopard geckos
  4 orcs
  3 goblins
  6 hobgoblins
  3 quokkas (D:2)
  2 ball pythons
  9 bats
  4 frilled lizards (D:1)
  7 kobolds
  7 rats
53 creatures vanquished.

Notes
Turn   | Place    | Note
-------+----------+-------------------------------------------
     0 | D:1      | vvl the Halfling Hunter began the quest for the Orb.
     0 | D:1      | Reached XP level 1. HP: 14/14 MP: 1/1
   113 | D:1      | Reached XP level 2. HP: 15/19 MP: 2/2
   303 | D:1      | Reached XP level 3. HP: 11/24 MP: 3/3
  1136 | D:2      | Reached XP level 4. HP: 28/30 MP: 4/4
  1250 | D:2      | Reached skill level 1 in Armour
  1444 | D:2      | Found a runed translucent door.
  1445 | D:2      | Noticed Crazy Yiuf
  1451 | D:2      | Killed Crazy Yiuf
  1452 | D:2      | Reached skill level 1 in Short Blades
  1452 | D:2      | Reached skill level 5 in Crossbows
  1452 | D:2      | Reached XP level 5. HP: 35/35 MP: 5/5
  1561 | D:2      | HP: 1/35 [hobgoblin (3)]
  1563 | D:2      | Slain by a hobgoblin

Illustrated notes

Levels and vault maps discovered:
D:1:      minmay_arrival_four_loops, layout_rooms, minmay_misc_feat_iff,
          minmay_tromino_v4_a
D:2:      layout_rooms, minmay_crystal_room, minmay_misc_feat_columns,
          uniq_crazy_yiuf_cottage
D:3:      layout_loops_ring, elyvilon_altar_4, general_overflow_altar,
          grunt_temple_overflow_open, grunt_dithmenos_smoke

Skill      XL: |  1  2  3  4 |
---------------+-------------+-----
Fighting       | 2 |  2.6
Dodging        | 3 |  3.3
Armour         | 1 |  1.6
Short Blades   | 1 |  1.2
Crossbows      | 5 |  5.0
Stealth        | |  1.1

Action                   |  1- 3 |  4- 6 || total
-------------------------+-------+-------++-------
Melee: Hand crossbow     |     3 |     3 ||     6
       Dagger            |       |    25 ||    25
 Fire: Hand crossbow     |    77 |    44 ||   121
  Use: Scroll            |       |     4 ||     4
Armor: Leather armour    |     7 |     8 ||    15
Dodge: Dodged            |    41 |    62 ||   103

Table legend: (Time is in decaauts)
 A = Elapsed time spent in this place.
 B = Non-inter-level travel time spent in this place.
 C = Inter-level travel time spent in this place.
 D = Time resting spent in this place.
 E = Time spent auto-exploring this place.
 F = Levels seen in this place.
 G = Mean time per level.
                   A        B        C        D        E       F      G
               +--------+--------+--------+--------+--------+-----+--------+
         Total |   1596 |   1483 |    113 |      0 |   1132 |   3 |  532.0 |
       Dungeon |   1596 |   1483 |    113 |      0 |   1132 |   3 |  532.0 |
               +--------+--------+--------+--------+--------+-----+--------+

Top non-repeatable levels by time:
     D:1: 854 daAuts
     D:2: 735 daAuts
     D:3: 6 daAuts
